 Dungeon Crawl Stone Soup version 0.24.0-1-gfbc8707 (webtiles) character file.

Game seed: 18444027736693200859, levelgen mode: deterministic

2790 Buxparty the Basher (level 9, -3/70 HPs)
             Began as a Mummy Gladiator on Jan 3, 2020.
             Was an Initiate of Gozag.
             Slain by a manticore (14 damage)
             ... on level 8 of the Dungeon.
             The game lasted 00:19:17 (6167 turns).

Buxparty the Basher (Mummy Gladiator)               Turns: 6167, Time: 00:19:18

Health: -3/70      AC:  8    Str: 21    XL:     9   Next: 43%
Magic:  9/9        EV: 16    Int:  7    God:    Gozag
Gold:   660        SH:  0    Dex: 19    Spells: 8/8 levels left

rFire    x . .     SeeInvis .   v - +4 flail of Anguish {vamp, Dex+3}
rCold    + + .     Gourm    .   (no shield)
rNeg     + + +     Faith    .   w - +2 robe {rC+}
rPois    ∞         Spirit   .   A - +1 hat
rElec    .         Reflect  .   m - +0 cloak
rCorr    .         Harm     .   l - +1 pair of gloves
MR       +....                  (no boots)
Stlth    ++........             u - amulet of rage
HPRegen  0.21/turn              p - +4 ring of slaying
MPRegen  0.11/turn              t - +3 ring of dexterity

@: no status effects
A: no food or potions, fire vulnerability, cold resistance 1, negative energy
resistance 3, torment resistance, unbreathing
a: Potion Petition, Call Merchant, Bribe Branch, Renounce Religion


You were on level 8 of the Dungeon.
You worshipped Gozag.
Gozag was pleased with you.
You were not hungry.

You visited 2 branches of the dungeon, and saw 9 of its levels.

You collected 715 gold pieces.
You paid 55 gold pieces to Gozag.

Inventory:

Hand Weapons
 h - a +2 mace of protection
 j - a +2 short sword of venom
 o - a +0 vampiric spear
 v - the +4 flail of Anguish (weapon) {vamp, Dex+3}
   (You found it on level 4 of the Dungeon)

   It inflicts no extra harm, but heals its wielder when it wounds a living foe.
   It affects your dexterity (+3).
Missiles
 d - 3 throwing nets (quivered)
 D - 16 poisoned darts
Armour
 b - a +0 leather armour
 c - a +0 helmet
 l - a +1 pair of gloves (worn)
 m - a +0 cloak (worn)
 w - a +2 robe of cold resistance (worn)
 A - a +1 hat (worn)
Jewellery
 p - a +4 ring of slaying (left hand)
 t - a +3 ring of dexterity (right hand)
 u - an amulet of rage (around neck)
 C - an uncursed ring of ice {unknown}
Wands
 B - a wand of clouds (6)
Scrolls
 a - 2 scrolls of amnesia
 e - 2 scrolls of blinking {unknown}
 f - 2 scrolls of enchant armour {unknown}
 g - 8 scrolls of identify
 i - 3 scrolls of teleportation
 k - 4 scrolls of enchant weapon {unknown}
 n - 6 scrolls of remove curse
 q - 2 scrolls of random uselessness {unknown}
 r - 2 scrolls of noise {unknown}
 s - 2 scrolls of fog {unknown}
 x - a scroll of immolation {unknown}
 y - a scroll of magic mapping {unknown}
 z - a scroll of fear {unknown}


   Skills:
 + Level 6.3 Fighting
 - Level 2.4 Short Blades
 + Level 8.4 Maces & Flails
 - Level 1.5 Throwing
 + Level 5.1 Dodging


You had 8 spell levels left.
You didn't know any spells.
Your spell library contained the following spells:

 Spells                   Type           Power        Failure   Level  Hunger
 Confusing Touch          Hex            #.....       43%         1    N/A
 Magic Dart               Conj           #...         43%         1    N/A
 Blink                    Tloc           N/A          56%         2    N/A
 Call Imp                 Summ           #.......     56%         2    N/A
 Slow                     Hex            #.......     56%         2    N/A
 Confuse                  Hex            #.......     80%         3    N/A
 Conjure Flame            Conj/Fire      #.......     80%         3    N/A
 Gell's Gravitas          Tloc           #.........   80%         3    N/A
 Mephitic Cloud           Conj/Pois/Air  #.......     80%         3    N/A
 Petrify                  Tmut/Erth      #.......     99%         4    N/A
 Metabolic Englaciation   Hex/Ice        #.........   100%        5    N/A
 Yara's Violent Unravell  Hex/Tmut       #.........   100%        5    N/A

Dungeon Overview and Level Annotations

Branches:
Dungeon (8/15)             Temple (1/1) D:5
   Lair: D:8-11

Altars:
Cheibriados
Dithmenos
Elyvilon
Fedhas
Gozag
Hepliaklqana
Kikubaaqudgha
Makhleb
Nemelex Xobeh
Okawaru
Qazlal
Ru
Sif Muna
Trog
Uskayaw
Vehumet
Wu Jian
Xom
Yredelemnul
Zin
The Shining One

Shops:
D:7 =?

Annotations:
D:7 Harold


Innate Abilities, Weirdness & Mutations

You do not eat or drink.
Your flesh is vulnerable to fire.
You are immune to poison.
Your flesh is cold resistant. (rC+)
You are immune to negative energy. (rN+++)
You are immune to unholy pain and torment.
You can survive without breathing.


Message History

You closely miss the manticore.
The manticore is severely wounded.
The manticore barely misses you. The manticore claws you!
* * * LOW HITPOINT WARNING * * *
The manticore closely misses you.
You barely miss the manticore.
The manticore is severely wounded.
The manticore bites you but does no damage.
The manticore misses you. The manticore claws you.
* * * LOW HITPOINT WARNING * * *
You sock the manticore!
The manticore is almost dead.
The manticore barely misses you.
The manticore claws you but does no damage.
The manticore misses you.
You hit the manticore but do no damage.
The manticore is almost dead.
The manticore bites you!
You die...
Your body crumbles into a pile of gold.

#### ...# # ##.# .#
#.# #### ..# #.# ...#
#.# ##.# .###
#.#+###..# )..#
.....#.......#
#######.##..#.......#
........#.......@H..#
##....#######.#'#####
.+....+.......[.#
##..(.#######.###
.'.....#..#...#
##............#
#....%..<....#
#............#
#............#


You could see a manticore.

Vanquished Creatures
  Pikel (D:7)
  Menkaure (D:7)
  3 ice beasts
  An ogre (D:6)
  2 centaurs (D:5)
  A big kobold (D:7)
  6 bullfrogs
  A jelly (D:7)
  A water moccasin zombie (D:5)
  A scorpion (D:6)
  2 howler monkeys
  2 crimson imps (D:6)
  6 hounds
  6 orc priests
  A centaur zombie (D:7)
  3 orc wizards
  A bullfrog skeleton (D:4)
  A centaur skeleton (D:6)
  Jessica (D:3)
  2 iguanas
  2 worker ants (D:4)
  2 hound zombies (D:5)
  A worker ant zombie (D:8)
  7 adders
  4 gnolls (D:5)
  A howler monkey skeleton (D:4)
  2 shadow imps
  An adder zombie (D:7)
  5 worms
  A dart slug (D:2)
  A leopard gecko (D:7)
  18 orcs
  6 bats
  5 giant cockroaches
  5 goblins
  5 hobgoblins
  15 jackals
  2 quokkas
  3 ball pythons
  4 frilled lizards
  7 kobolds
  A quokka zombie (D:5)
  5 rats
146 creatures vanquished.

Vanquished Creatures (others)
  A slave (D:7)
  A quokka skeleton (D:7)
2 creatures vanquished.

Grand Total: 148 creatures vanquished

Notes
Turn   | Place    | Note
-------+----------+-------------------------------------------
     0 | D:1      | Buxparty the Mummy Gladiator began the quest for the Orb.
     0 | D:1      | Reached XP level 1. HP: 16/16 MP: 1/1
   201 | D:1      | Reached XP level 2. HP: 20/23 MP: 2/2
   385 | D:1      | Reached skill level 1 in Maces & Flails
   815 | D:2      | Reached XP level 3. HP: 28/28 MP: 3/3
   999 | D:2      | Reached skill level 2 in Maces & Flails
  1036 | D:2      | Reached XP level 4. HP: 28/35 MP: 4/4
  1159 | D:2      | Found a radiant altar of Vehumet.
  1588 | D:3      | Reached skill level 3 in Maces & Flails
  1638 | D:3      | Found a bloodstained altar of Trog.
  1694 | D:3      | Noticed Jessica
  1697 | D:3      | Killed Jessica
  1697 | D:3      | Reached XP level 5. HP: 41/41 MP: 5/5
  2101 | D:4      | Reached skill level 4 in Maces & Flails
  2154 | D:4      | Got a transparent flail
  2155 | D:4      | Identified the +4 flail of Anguish {vamp, Dex+3} (You found
                  | it on level 4 of the Dungeon)
  2238 | D:4      | Reached XP level 6. HP: 47/47 MP: 6/6
  2548 | D:5      | Entered Level 5 of the Dungeon
  2554 | D:5      | Noticed an ice beast
  2572 | D:5      | Killed an ice beast
  2572 | D:5      | Reached skill level 5 in Maces & Flails
  2578 | D:5      | HP: 2/47 [water moccasin zombie (2)]
  2894 | D:5      | Reached XP level 7. HP: 43/52 MP: 7/7
  2919 | D:5      | Reached skill level 6 in Maces & Flails
  2922 | D:5      | Found a hazy altar of Hepliaklqana.
  3181 | D:5      | Found a staircase to the Ecumenical Temple.
  3207 | Temple   | Entered the Ecumenical Temple
  3271 | Temple   | Became a worshipper of Gozag Ym Sagoz the Greedy
  3323 | D:5      | Found an ornate altar of the Wu Jian Council.
  3664 | D:5      | Reached skill level 7 in Maces & Flails
  3992 | D:5      | Reached XP level 8. HP: 57/58 MP: 8/8
  4582 | D:6      | Found a basalt altar of Yredelemnul.
  4662 | D:6      | Found an ornate altar of the Wu Jian Council.
  4668 | D:6      | Reached skill level 5 in Fighting
  5096 | D:7      | Found a sparkling altar of Nemelex Xobeh.
  5119 | D:7      | Noticed Menkaure
  5125 | D:7      | Killed Menkaure
  5125 | D:7      | Reached skill level 8 in Maces & Flails
  5277 | D:7      | Reached XP level 9. HP: 67/68 MP: 9/9
  5321 | D:7      | Found Uhugg's Jewellery Boutique.
  5342 | D:7      | Found Uckiacw's Magic Scroll Boutique.
  5472 | D:7      | Noticed Pikel
  5482 | D:7      | Killed Pikel
  5565 | D:7      | Found a burning altar of Makhleb.
  5576 | D:7      | Reached skill level 5 in Dodging
  5577 | D:7      | Noticed Harold
  6154 | D:8      | Noticed a manticore
  6167 | D:8      | Slain by a manticore

Levels and vault maps discovered:
D:1:      lemuel_arrival_hallway, layout_loops_corners, serial_bayou_crossing
D:2:      layout_rooms, vehumet_crystals
D:3:      layout_loops_ring, bloody_trog, first_ration, uniq_jessica
D:4:      layout_basic, uniq_eustachio
D:5:      layout_basic, nicolae_overflow_crystal_walls, temple_fountains,
          basic_altar
D:6:      layout_basic, kennysheep_mini_moat, lemuel_round_altar, minmay_puff
D:7:      layout_gridville, overflow_temple_1_default,
          nemelex_xobeh_ov_fountains_minmay, serial_shops, nicolae_shop_crystal,
          kennysheep_windowed_goal, uniq_menkaure, uniq_harold, uniq_pikel
D:8:      layout_basic, david_lair_generic, hangedman_little_slice_of_home
Temple:   nicolae_temple_great_sept

Skill      XL: |  1  2  3  4  5  6  7  8  9 |
---------------+----------------------------+-----
Maces & Flails | 1 2 3 4 5 7 8 |  8.4
Fighting       | 3 5 6 |  6.3
Dodging        | 4 5 |  5.1
Short Blades   | |  2.4
Throwing       | |  1.5

Action                   |  1- 3 |  4- 6 |  7- 9 || total
-------------------------+-------+-------+-------++-------
Melee: Mace              |    93 |    80 |       ||   173
       Rapier            |     3 |       |       ||     3
       Flail             |       |    45 |   218 ||   263
Throw: Throwing net      |       |       |     3 ||     3
Invok: Potion Petition   |       |       |     1 ||     1
  Use: Scroll            |       |     2 |     1 ||     3
 Stab: Distracted        |       |       |     2 ||     2
       Sleeping          |       |       |     2 ||     2
Armor: Leather armour    |    70 |    44 |       ||   114
       Robe              |       |    18 |    47 ||    65
Dodge: Dodged            |   106 |    98 |   158 ||   362
